 Dungeon Crawl Stone Soup version 0.29-a0-857-g9b1aa3ac5b (webtiles) character file.

Game seed: 8060084021495629557

189459 Zonian the Slicer (level 17, -7/159 (162) HPs)
             Began as a Demonspawn Ice Elementalist on July 15, 2022.
             Was an Initiate of Gozag.
             Mangled by a goliath frog (28 damage)
             ... on level 3 of the Swamp on July 16, 2022.
             The game lasted 03:19:05 (54310 turns).

Zonian the Slicer (Demonspawn Ice Elementalist)    Turns: 54310, Time: 03:19:12

HP:   -7/159 (162)  AC:  2    Str: 13      XL:     17   Next: 51%
MP:   0/29          EV: 18    Int: 15 (17) God:    Gozag
Gold: 4080          SH:  6    Dex: 19 (23) Spells: 11/33 levels left

rFire   + . .      SeeInvis +   M - +4 demon blade (venom)
rCold   . . .      Faith    .   V - +0 buckler
rNeg    . . .      Spirit   +   J - +2 robe of Day {rPois Regen+ Stlth+}
rPois   +          Reflect  .   k - +0 helmet of the Arcadian Locust {Str+2}
rElec   .          Harm     .   i - +2 cloak {rF+}
rCorr   .          Rampage  +   n - +2 pair of gloves
Will    +....                   (boots unavailable)
Stlth   ++++++....              w - amulet "Jadysiabb" {Spirit Rampage Fly}
HPRegen 1.16/turn               h - +6 ring of dexterity
MPRegen 0.21/turn               d - ring of see invisible

@: corroded, gold aura, flying, studying Maces & Flails, lightly drained
A: hooves 3, rugged brown scales 3, demonic guardian 2, ignite blood 2, robust
2, clumsy 1, deterioration 1
}: 1/15 runes: gossamer
a: Renounce Religion, Potion Petition, Call Merchant, Bribe Branch


You were on level 3 of the Swamp.
You worshipped Gozag.
Gozag was most pleased with you.
You visited 6 branches of the dungeon, and saw 31 of its levels.
You also visited: Ossuary and Volcano.

You collected 12352 gold pieces.
You spent 2429 gold pieces at shops.
You paid 5843 gold pieces to Gozag.

Inventory:

Hand Weapons
 a - a +0 demon blade of electrocution
 o - a +5 short sword of venom
 x - a +2 rapier of draining
 G - the +6 short sword of the Eleven Mystics {drain, rC+}
   (You bought it in a shop on level 2 of the Orcish Mines)

   A truly terrible weapon, it drains the life of any living foe it strikes.
   rC:        It protects you from cold.
 M - a +4 demon blade of venom (weapon)
 Q - a +6 quick blade
 R - a +0 sling
Missiles
 B - 2 curare-tipped darts
 P - a boomerang of dispersal
 Z - a throwing net
Armour
 i - a +2 cloak of fire resistance (worn)
 k - the +0 helmet of the Arcadian Locust (worn) {Str+2}
   (You found it on level 1 of the Spider Nest)

   Str:       It affects your strength (+2).
 n - a +2 pair of gloves (worn)
 J - the +2 robe of Day (worn) {rPois Regen+ Stlth+}
   (You bought it in a shop on level 10 of the Dungeon)

   rPois:     It protects you from poison.
   Regen:     It increases your rate of health regeneration.
   Stlth:     It makes you more stealthy.
 V - a +0 buckler (worn)
Jewellery
 c - a ring of magical power
 d - a ring of see invisible (right hand)
 h - a +6 ring of dexterity (left hand)
 l - an amulet of reflection
 w - the amulet "Jadysiabb" (around neck) {Spirit Rampage Fly}
   (You bought it in a shop on level 2 of the Orcish Mines)

   [amulet of guardian spirit]

   It causes incoming damage to be divided between your reserves of health and
   magic.
   Fly:       It grants you flight.
   Rampage:   It bestows one free step when moving towards enemies.
 z - the ring "Qosufap" {rPois rCorr Int+6}
   (You acquired it on level 1 of the Orcish Mines)

   [ring of intelligence]

   Int:       It affects your intelligence (+6).
   rPois:     It protects you from poison.
   rCorr:     It protects you from acid and corrosion.
 E - a ring of fire
 N - a ring of protection from cold
Wands
 t - a wand of digging (2)
 y - a wand of charming (10)
 L - a wand of iceblast (5)
 O - a wand of flame (63)
 T - a wand of mindburst (8)
Scrolls
 m - a scroll of fog
 p - 8 scrolls of teleportation
 q - 2 scrolls of blinking
 D - 2 scrolls of poison
 H - 4 scrolls of magic mapping
 I - 3 scrolls of fear
 Y - 2 scrolls of silence
Potions
 b - a potion of magic
 f - 7 potions of curing
 g - 7 potions of ambrosia
 j - 2 potions of heal wounds
 r - 7 potions of might
 u - 2 potions of resistance
 v - 3 potions of invisibility
 A - 3 potions of haste
 F - a potion of brilliance
 K - 10 potions of flight
 W - 6 potions of cancellation
 X - 5 potions of berserk rage
Miscellaneous
 e - a piece from Xom's chessboard (15/15)
 s - a phantom mirror


   Skills:
 - Level 10.0 Fighting
 - Level 14.0(15.4) Short Blades
 - Level 11.0(14.0) Long Blades
 - Level 4.0 Maces & Flails
 - Level 10.0 Dodging
 - Level 10.0 Stealth
 - Level 4.0 Shields
 + Level 8.5 Spellcasting
 - Level 10.0 Conjurations
 - Level 5.0 Hexes
 - Level 9.8 Necromancy
 - Level 5.0 Translocations
 - Level 8.0 Ice Magic
 - Level 5.0 Evocations


You had 11 spell levels left.
You knew the following spells:

 Your Spells              Type           Power      Damage    Failure   Level
a - Freeze                Ice            100%       1d11      1%          1
b - Frozen Ramparts       Ice            60%        1d8       1%          3
c - Ozocubu's Armour      Ice            30%        N/A       1%          3
d - Hailstorm             Conj/Ice       33%        3d8       3%          4
e - Blink                 Tloc           42%        N/A       2%          2
f - Foxfire               Conj/Fire      84%        2x1d8     1%          1
g - Dispel Undead         Necr           36%        3d15      2%          4
h - Anguish               Hex/Necr       14%        N/A       7%          4

Your spell library contained the following spells:

 Spells                   Type           Power      Damage    Failure   Level
 Ensorcelled Hibernation  Hex/Ice        50%        N/A       1%          2
 Conjure Flame            Conj/Fire      21%        6-21      5%          3
 Gell's Gravitas          Tloc           21%        N/A       5%          3
 Teleport Other           Tloc           21%        N/A       5%          3
 Iskenderun's Battlesphe  Conj           36%        2d9       7%          5
 Beastly Appendage        Tmut           12%        N/A       14%         1
 Inner Flame              Hex/Fire       13%        N/A       16%         3
 Cause Fear               Hex            10%        N/A       19%         4
 Flame Wave               Conj/Fire      21%        2d7       19%         4
 Sticky Flame             Conj/Fire      21%        2d4       19%         4
 Poisonous Vapours        Pois/Air       12%        N/A       22%         2
 Wereblood                Tmut           6%         N/A       22%         2
 Ice Form                 Ice/Tmut       18%        N/A       28%         4
 Summon Ice Beast         Ice/Summ       18%        N/A       28%         4
 Metabolic Englaciation   Hex/Ice        12%        N/A       28%         5
 Death Channel            Necr           18%        N/A       36%         6
 Ignite Poison            Fire/Tmut/Pois 6%         N/A       41%         3
 Spider Form              Tmut/Pois      6%         N/A       41%         3
 Fireball                 Conj/Fire      10%        3d6       45%         5
 Lightning Bolt           Conj/Air       10%        1d23      45%         5
 Manifold Assault         Tloc           21%        N/A       45%         5
 Airstrike                Air            3%         0-2+      82%         4
 Summon Lightning Spire   Summ/Air       6%         N/A       82%         4
 Summon Forest            Summ/Tloc      6%         N/A       82%         5
 Summon Mana Viper        Hex/Summ       13%        N/A       82%         5
 Dispersal                Tloc           10%        N/A       96%         6
 Iron Shot                Conj/Erth      10%        9d3       96%         6
 Starburst                Conj/Fire      10%        6d5       96%         6
 Eringya's Noxious Bog    Tmut/Pois      3%         N/A       100%        6
 Summon Cactus Giant      Summ           3%         N/A       100%        6
 Monstrous Menagerie      Summ           3%         N/A       100%        7
 Spellforged Servitor     Conj/Summ      10%        N/A       100%        7
 Storm Form               Tmut/Air       3%         N/A       100%        7
 Summon Hydra             Summ           3%         N/A       100%        7
 Discord                  Hex            10%        N/A       100%        8
 Ignition                 Fire           3%         3d4       100%        8
 Corpse Rot               Necr/Pois/Air  Unusable   N/A       N/A         4
 Simulacrum               Ice/Necr       Unusable   N/A       N/A         6

Dungeon Overview and Level Annotations

Branches:
Dungeon (15/15)            Temple (1/1) D:4            Lair (6/6) D:10
  Swamp (3/4) Lair:3       Spider (4/4) Lair:3        Slime (0/5) Lair:6
    Orc (2/2) D:12            Elf (0/3) Orc:2        Vaults (0/5) D:14
 Depths (0/4) D:15        Ossuary (visited)         Volcano (visited)

Altars:
Ashenzari
Gozag
Kikubaaqudgha
Okawaru
Qazlal
Sif Muna
Trog
Jiyva

Shops:
D:1 =   D:10 [   D:12 =   D:14 *   Orc:1 (   Orc:2 =[[(   Lair:4 (

Annotations:
D:2 1 runed translucent door, Crazy Yiuf
D:3 3 runed translucent doors, kkgakdfjhgaksdf's ghost, amateur DgWr
D:4 Eustachio; Grinder
Lair:5 1 runed translucent door, pigah's ghost, journeyman OpAE
Swamp:2 3 runed translucent doors, Brotato's ghost, adept SpBr


Innate Abilities, Weirdness & Mutations

You have hooves in place of feet.
You are completely covered in rugged brown scales. (AC +3, +7% HP)
A demonic guardian rushes to your aid.
Your demonic aura often causes spilled blood to erupt in flames.
You are very robust. (+20% HP)
You are clumsy. (Dex -2)
Your body sometimes deteriorates upon taking damage.


Message History

Wisps of shadow whirl around you...
The will-o-the-wisp engulfs your tyrant leech.
The goliath frog hits you from afar!!
* * * LOW HITPOINT WARNING * * *
You are splashed with acid!
* * * LOW HITPOINT WARNING * * *
You swap places.
The will-o-the-wisp gestures.
The will-o-the-wisp conjures some foxfire!
The swamp worm fires a harpoon shot at you.
The harpoon shot hits your bog body. The goliath frog hits you from afar.
* * * LOW HITPOINT WARNING * * *
The acid corrodes you!
You are splashed with acid!
* * * LOW HITPOINT WARNING * * *
A demonic guardian appears!
Your spriggan rider is engulfed in blazing flames.
Your spriggan rider hits the will-o-the-wisp from afar with a +0 spear!
Your bog body touches the swamp worm!
Your bog body freezes the swamp worm!! 2 foxfires come into view.
Aiming: Iceblast
Press: ? - help, Shift-Dir - straight line, f - foxfire, p - goliath frog
Aim: a foxfire (not watching you)
The mass of ice explodes!
The iceblast engulfs the foxfire!
The foxfire is lightly damaged.
The iceblast engulfs the foxfire!!
The foxfire is lightly damaged.
The iceblast engulfs the will-o-the-wisp!
The will-o-the-wisp partially resists.
The will-o-the-wisp is severely damaged.
You feel stable enough to blink again. The foxfire hits your tyrant leech!!
The foxfire hits you! You resist.
* * * LOW HITPOINT WARNING * * *
The swamp worm bites your bog body.
The will-o-the-wisp misses your tyrant leech.
Your tyrant leech is engulfed in a cloud of scalding steam.
Your tyrant leech bites the will-o-the-wisp!!
The will-o-the-wisp is destroyed!
The goliath frog hits you from afar!!!
You die...
Your body crumbles into a pile of gold.

♣≈≈≈≈≈..≈.♣≈..♣♣♣
♣♣.≈≈≈≈♣♣.♣♣♣♣♣♣
♣≈.≈≈≈≈....♣ ♣♣
♣..≈$≈≈$.≈≈♣ ♣.≈
♣♣.≈≈≈≈.≈≈≈≈♣
♣..♣♣♣.≈≈≈≈≈≈≈≈≈♣
♣≈≈♣≈4≈≈≈§≈≈....
♣..DiF≈≈≈.≈≈>.≈≈
♣♣≈@≈wnw....).≈.
♣♣.§≈$.....≈.§.
♣♣≈§.≈≈.♣≈
♣♣≈≈≈≈.♣ .≈≈≈...
≈≈≈≈... .≈§.≈≈≈
♣...♣ $


You could see a goliath frog (strong, ally target), a swamp worm (distracted,
ally target), a friendly seven-headed hydra (summoned), a friendly tyrant leech
(summoned), a friendly spriggan rider (summoned), a friendly rust devil
(summoned) and a friendly bog body (summoned).

Vanquished Creatures
  Mara (Spider:3)
  The ghost of Jomugh the Phalangite, an adept MfAM of Okawaru (Spider:1)
  2 emperor scorpions
  2 orc warlords
  4 ghouls (Swamp:2)
  2 ghost moths
  A broodmother (Spider:1)
  2 eleionomae
  2 bunyips (Swamp:1)
  4 entropy weavers
  3 spark wasps
  A fire dragon (D:10)
  A shambling mangrove (Swamp:1)
  2 rakshasas (D:15)
  4 hydras
  8 vault guards (D:14)
  3 ghost crabs
  5 alligators
  7 boulder beetles
  2 centaur warriors
  2 death knights
  6 radroaches
  A jorogumo (Spider:3)
  A catoblepas (D:13)
  A two-headed ogre (D:9)
  2 tengu warriors
  3 death yaks (Lair:5)
  An orc high priest (Orc:2)
  7 pharaoh ants
  4 skeletal warriors
  3 goliath frogs (Lair:6)
  A spriggan druid (Swamp:3)
  Lodul (D:14)
  8 steelbarb worms
  A sun moth (Spider:3)
  9 orb spiders
  4 bog bodies
  A deep elf pyromancer (D:14)
  2 lindwurms
  2 orc knights
  19 wolf spiders
  3 cyclopes
  11 ugly things
  4 orc sorcerers (Orc:2)
  A manticore (D:14)
  The ghost of kevlar127 the Ruffian, a novice TrBe of Trog (D:5)
  3 will-o-the-wisps
  2 moths of wrath
  3 black mambas
  A black mamba (shapeshifter) (D:15)
  15 elephants
  4 torpor snails
  21 cane toads
  2 gargoyles
  A rime drake (shapeshifter) (D:12)
  3 kobold demonologists
  8 demonic crawlers
  11 komodo dragons
  4 freezing wraiths
  Psyche (D:11)
  2 rime drakes
  An efreet (D:15)
  A wind drake (shapeshifter) (D:14)
  9 tyrant leeches
  A polar bear (Lair:4)
  16 tarantellas
  A bloated husk (Swamp:1)
  6 trolls
  8 meliai
  A polar bear (shapeshifter) (D:12)
  6 hornets
  15 blink frogs
  A tarantella (shapeshifter) (D:15)
  6 dream sheep
  14 slime creatures
  12 jumping spiders
  4 spriggans
  A shadow (D:9)
  14 culicivoras
  2 vampires (D:13)
  45 yaks
  2 wraiths
  3 wyverns
  7 fire bats (Volcano)
  4 basilisks
  45 redbacks
  3 steam dragons
  Grum (D:11)
  23 vampire mosquitoes
  6 wargs
  11 swamp worms
  An acid dragon (D:10)
  2 hell hounds (Volcano)
  15 water moccasins
  50 orc warriors
  A swamp drake (Swamp:2)
  3 black bears
  14 ogres
  36 wolves
  7 centaurs
  3 phantoms
  10 kobold brigands
  Blork the orc (D:6)
  2 gnoll sergeants
  2 necrophages
  13 bullfrogs
  4 scorpions (Lair:3)
  5 wights (D:9)
  12 killer bees
  An electric eel (Lair:3)
  5 howler monkeys
  2 centaur zombies (Ossuary)
  A human zombie (Ossuary)
  5 hounds
  33 orc priests
  2 gnoll boudas
  3 iguanas
  28 orc wizards
  5 hell rats (Lair:3)
  2 hound zombies (Ossuary)
  3 mummies (Ossuary)
  6 adders
  19 gnolls
  A white imp (D:6)
  An ufetubus (D:5)
  4 adder zombies (Ossuary)
  2 worms
  3 dart slugs
  127 orcs
  4 ball pythons
  8 endoplasms
  8 giant cockroaches
  3 gnoll zombies (Ossuary)
  5 goblins
  6 hobgoblins
  6 jackals
  24 kobolds
  4 quokkas
  3 bats
  5 frilled lizards
  3 goblin zombies (Ossuary)
  4 hobgoblin zombies (Ossuary)
  6 jackal zombies (Ossuary)
  2 kobold zombies (Ossuary)
  2 orc zombies (Ossuary)
  A quokka zombie (Ossuary)
  8 rats
  3 rat zombies (Ossuary)
1045 creatures vanquished.

Vanquished Creatures (collateral kills)
  A boulder beetle (D:12)
  A radroach (Spider:4)
  A fire crab (Volcano)
  A glowing orange brain (D:15)
  3 steelbarb worms
  A will-o-the-wisp (Swamp:3)
  2 elephants
  A demonic crawler (Spider:3)
  A freezing wraith (D:15)
  A tarantella (Spider:2)
  A slime creature (D:15)
  3 jumping spiders
  A culicivora (Spider:1)
  A yak (Lair:1)
  A swamp worm (Lair:3)
  An orc warrior (Orc:2)
  A wolf (D:11)
22 creatures vanquished.

Vanquished Creatures (others)
  A manticore (D:15)
  A bloated husk (Swamp:1)
  A hornet (Swamp:1)
  A steam dragon (Volcano)
  A swamp worm (Swamp:1)
  2 demonic plants (D:1)
  124 foxfires
  42 fungi
  114 plants
287 creatures vanquished.

Grand Total: 1354 creatures vanquished

Notes
Turn   | Place    | Note
-------+----------+-------------------------------------------
     0 | D:1      | Zonian the Demonspawn Ice Elementalist began the quest for
                  | the Orb.
     0 | D:1      | Reached XP level 1. HP: 13/13 MP: 3/3
   130 | D:1      | Found Ofuid's Jewellery Shoppe.
   307 | D:1      | Gained mutation: You have large cloven feet. [demonic
                  | ancestry]
   307 | D:1      | Reached XP level 2. HP: 19/19 MP: 5/5
  1663 | D:1      | Found a faded altar of an unknown god.
  1880 | D:2      | Gained mutation: Your demonic aura sometimes causes spilled
                  | blood to erupt in flames. [demonic ancestry]
  1880 | D:2      | Reached XP level 3. HP: 19/24 MP: 6/6
  2759 | D:2      | Learned a level 3 spell: Frozen Ramparts
  2763 | D:2      | Learned a level 3 spell: Ozocubu's Armour
  2809 | D:2      | Gained mutation: You are partially covered in rugged brown
                  | scales. (AC +1, +3% HP) [demonic ancestry]
  2809 | D:2      | Reached XP level 4. HP: 24/30 MP: 8/8
  3046 | D:2      | Found a runed translucent door.
  3047 | D:2      | Noticed Crazy Yiuf
  3642 | D:3      | Found a runed translucent gate.
  3642 | D:3      | Found a runed translucent gate.
  3642 | D:3      | Found a runed translucent gate.
  3643 | D:3      | Noticed kkgakdfjhgaksdf's ghost (amateur DgWr)
  4794 | D:4      | Found a staircase to the Ecumenical Temple.
  4804 | Temple   | Entered the Ecumenical Temple
  4820 | Temple   | Became a worshipper of Gozag Ym Sagoz the Greedy
  5196 | D:4      | Noticed Eustachio
  5423 | D:4      | Noticed Grinder
  5690 | D:4      | Reached XP level 5. HP: 30/36 MP: 10/10
  5715 | D:4      | Reached skill level 5 in Ice Magic
  6257 | D:4      | Gained mutation: Your demonic aura often causes spilled
                  | blood to erupt in flames. [demonic ancestry]
  6257 | D:4      | Reached XP level 6. HP: 41/42 MP: 12/12
  6651 | D:5      | Entered Level 5 of the Dungeon
  6909 | D:5      | Reached skill level 5 in Spellcasting
  7852 | D:5      | Noticed a yak
  7852 | D:5      | Noticed a yak
  7865 | D:5      | Noticed a yak
  7865 | D:5      | Noticed a yak
  8067 | D:5      | Found a stormy altar of Qazlal.
  8180 | D:5      | Gained mutation: You have hoof-like feet. [demonic
                  | ancestry]
  8180 | D:5      | Reached XP level 7. HP: 43/53 MP: 14/14
  8702 | D:5      | Noticed kevlar127's ghost (novice TrBe)
  8705 | D:5      | Found a runed translucent door.
  8737 | D:5      | Reached skill level 5 in Fighting
  8737 | D:5      | Reached skill level 1 in Short Blades
  8818 | D:5      | Reached skill level 2 in Short Blades
  9139 | D:5      | Killed a yak
  9140 | D:5      | Reached skill level 3 in Short Blades
  9140 | D:5      | Reached XP level 8. HP: 63/63 MP: 15/15
  9147 | D:5      | Reached skill level 4 in Short Blades
  9150 | D:5      | Reached skill level 5 in Short Blades
  9466 | D:5      | Killed kevlar127's ghost
  9801 | D:5      | Identified a scroll of acquirement
 10053 | D:6      | Reached skill level 1 in Maces & Flails
 10053 | D:6      | Reached XP level 9. HP: 70/70 MP: 16/16
 10745 | D:6      | Noticed Blork the orc
 10944 | D:6      | Killed Blork the orc
 11018 | D:6      | Reached skill level 5 in Stealth
 12737 | D:8      | Found a sand-covered staircase.
 12761 | Ossuary  | Entered an ossuary
 12906 | Ossuary  | Reached skill level 5 in Dodging
 13198 | D:8      | Gained mutation: A weak demonic guardian rushes to your
                  | aid. [demonic ancestry]
 13198 | D:8      | Reached XP level 10. HP: 70/76 MP: 17/17
 13656 | D:8      | Learned a level 4 spell: Hailstorm
 13864 | D:8      | Found an iron altar of Okawaru.
 13920 | D:8      | Paralysed by a hornet for 1 turns
 13922 | D:8      | Reached skill level 1 in Conjurations
 14036 | D:8      | Reached skill level 6 in Short Blades
 14615 | D:9      | Reached skill level 7 in Short Blades
 14938 | D:9      | Noticed a three-headed hydra
 14944 | D:9      | Killed a three-headed hydra
 14945 | D:9      | Reached skill level 5 in Conjurations
 15228 | D:9      | Reached skill level 8 in Short Blades
 16101 | D:9      | Found a broken altar of Ashenzari.
 16131 | D:9      | Found an ancient bone altar of Kikubaaqudgha.
 16256 | D:9      | Noticed a two-headed ogre
 16264 | D:9      | Killed a two-headed ogre
 16265 | D:9      | Reached skill level 9 in Short Blades
 16265 | D:9      | Reached XP level 11. HP: 79/81 MP: 18/18
 16446 | D:10     | Entered Level 10 of the Dungeon
 16627 | D:10     | Bought the +2 robe of Day {rPois Regen+ Stlth+} for 345
                  | gold pieces
 16681 | D:10     | Found a staircase to the Lair.
 16807 | D:10     | Reached skill level 10 in Short Blades
 16913 | Lair:1   | Entered Level 1 of the Lair of Beasts
 18005 | Lair:1   | Upgraded the game from 0.29-a0-841-g116ddc6ace to
                  | 0.29-a0-845-g6161e89988
 18005 | Lair:1   | Acquired 728 gold pieces
 18007 | Lair:1   | Acquired a +1 rapier of draining
 18965 | Lair:2   | Learned a level 2 spell: Blink
 19317 | Lair:3   | Gained mutation: You are mostly covered in rugged brown
                  | scales. (AC +2, +5% HP) [demonic ancestry]
 19317 | Lair:3   | Reached XP level 12. HP: 72/90 MP: 19/19
 19327 | Lair:3   | Reached skill level 1 in Translocations
 19692 | Lair:3   | Reached skill level 10 in Conjurations
 19965 | Lair:3   | Reached skill level 11 in Short Blades
 20468 | Lair:3   | Found a hole to the Spider Nest.
 20700 | Lair:3   | Found a staircase to the Swamp.
 20711 | Lair:3   | Reached skill level 5 in Translocations
 21149 | Lair:4   | Reached skill level 12 in Short Blades
 21358 | Lair:4   | Learned a level 1 spell: Foxfire
 21633 | Lair:4   | Gained mutation: You are completely covered in rugged brown
                  | scales. (AC +3, +7% HP) [demonic ancestry]
 21633 | Lair:4   | Reached XP level 13. HP: 90/97 MP: 20/20
 21663 | Lair:4   | Reached skill level 13 in Short Blades
 21707 | Lair:4   | Found a dark tunnel.
 21712 | Volcano  | Entered a volcano
 22842 | Lair:4   | Bought a glowing quick blade for 504 gold pieces
 22963 | Lair:5   | Reached skill level 14 in Short Blades
 22963 | Lair:5   | Reached skill level 1 in Evocations
 23401 | Lair:5   | Reached skill level 5 in Evocations
 23401 | Lair:5   | Found a runed translucent door.
 23520 | Lair:5   | Noticed pigah's ghost (journeyman OpAE)
 23521 | Lair:5   | Identified the +8 trident of Gozag's Brutal Revenge
                  | {freeze, rC++ rN+ Dex-4}
 24368 | Lair:6   | Entered Level 6 of the Lair of Beasts
 24859 | Lair:6   | Gained mutation: You have hooves in place of feet. [demonic
                  | ancestry]
 24859 | Lair:6   | Reached XP level 14. HP: 115/115 MP: 21/21
 25233 | Lair:6   | Found a viscous altar of Jiyva.
 25234 | Lair:6   | Found a staircase to the Slime Pits.
 25380 | Lair:6   | Reached skill level 10 in Fighting
 26595 | D:1      | Bought a ring of see invisible for 210 gold pieces
 26859 | Lair:4   | Bought a glowing shortbow for 168 gold pieces
 27090 | D:11     | Noticed Psyche
 27104 | D:11     | Noticed Grum
 27104 | D:11     | Killed Psyche
 27106 | D:11     | Killed Grum
 28253 | D:12     | Found a staircase to the Orcish Mines.
 29468 | Orc:1    | Entered Level 1 of the Orcish Mines
 29474 | Orc:1    | Noticed an orc warlord
 29497 | Orc:1    | Killed an orc warlord
 30488 | D:13     | You fall into a shaft and drop 1 floor!
 30499 | D:14     | Found a broken altar of Ashenzari.
 30617 | D:14     | Bought a scroll labelled BUKKEIT IGULOE for 27 gold pieces
 30672 | D:14     | Reached skill level 10 in Dodging
 31203 | D:14     | Learned a level 4 spell: Dispel Undead
 31256 | D:14     | Reached skill level 1 in Necromancy
 31356 | D:14     | Gained mutation: A demonic guardian rushes to your aid.
                  | [demonic ancestry]
 31356 | D:14     | Reached XP level 15. HP: 114/123 MP: 9/22
 31475 | D:14     | Found a gate to the Vaults.
 31556 | D:14     | Noticed Lodul
 31677 | D:14     | Killed Lodul
 31904 | D:14     | Reached skill level 5 in Necromancy
 32018 | D:15     | Entered Level 15 of the Dungeon
 32815 | D:15     | Learned a level 4 spell: Anguish
 32952 | D:15     | Reached skill level 1 in Hexes
 33361 | D:15     | Found a staircase to the Depths.
 34203 | Orc:2    | Entered Level 2 of the Orcish Mines
 35300 | Orc:2    | Found Jayqav's Armour Boutique.
 35457 | Orc:2    | Noticed an orc warlord
 35512 | Orc:2    | Killed an orc warlord
 35627 | Orc:2    | Found Xidogag's Antique Weapon Emporium.
 35818 | Orc:2    | Found Acelamm's Antique Armour Shoppe.
 35827 | Orc:2    | Bought an iridescent short sword for 224 gold pieces
 35827 | Orc:2    | Identified the +6 short sword of the Eleven Mystics {drain,
                  | rC+} (You bought it in a shop on level 2 of the Orcish
                  | Mines)
 35963 | Orc:2    | Found a staircase to the Elven Halls.
 36015 | Orc:2    | Found Faqorum's Jewellery Emporium.
 36254 | Orc:1    | Found Gaud's Weapon Boutique.
 36524 | Orc:1    | Acquired the ring "Qosufap" {rPois rCorr Int+6}
 36675 | Spider:1 | Entered Level 1 of the Spider Nest
 37644 | Spider:1 | Reached skill level 5 in Hexes
 38331 | Spider:1 | Gained mutation: Your body sometimes deteriorates upon
                  | taking damage. [mutagenic glow]
 38359 | Spider:1 | Gained mutation: You are clumsy. (Dex -2) [mutagenic glow]
 38390 | Spider:1 | Found a runed translucent gate.
 38391 | Spider:1 | Found a runed translucent gate.
 38393 | Spider:1 | Found a runed translucent gate.
 38845 | Spider:1 | Noticed Jomugh's ghost (adept MfAM)
 39372 | Spider:1 | Gained mutation: You are robust. (+10% HP) [demonic
                  | ancestry]
 39372 | Spider:1 | Reached XP level 16. HP: 76/142 MP: 12/25
 39382 | Spider:1 | Killed Jomugh's ghost
 39540 | Spider:1 | Identified the +0 helmet of the Arcadian Locust {Str+2}
 39623 | Spider:2 | Reached skill level 10 in Stealth
 40181 | Spider:2 | You fall into a shaft and drop 1 floor!
 41961 | Orc:1    | Bought a +4 demon blade of venom for 560 gold pieces
 42212 | Spider:2 | Reached skill level 1 in Long Blades
 43848 | Spider:3 | Reached skill level 5 in Long Blades
 44030 | Spider:3 | Noticed Mara
 44072 | Spider:3 | Noticed Zonian's illusion
 44113 | Spider:3 | Killed Mara
 45821 | Spider:4 | Entered Level 4 of the Spider Nest
 46169 | Spider:4 | Reached skill level 1 in Shields
 48815 | Spider:4 | Gained mutation: You are very robust. (+20% HP) [demonic
                  | ancestry]
 48815 | Spider:4 | Reached XP level 17. HP: 101/162 MP: 24/27
 50452 | Spider:4 | Got a gossamer rune of Zot
 50465 | Spider:4 | Identified the +0 pair of boots of Woty {Stlth+}
 50564 | Spider:4 | Upgraded the game from 0.29-a0-845-g6161e89988 to
                  | 0.29-a0-857-g9b1aa3ac5b
 50787 | Orc:2    | Bought the amulet "Jadysiabb" {Spirit Rampage Fly} for 391
                  | gold pieces
 50973 | Swamp:1  | Entered Level 1 of the Swamp
 51564 | Swamp:1  | Reached skill level 10 in Long Blades
 52603 | Swamp:2  | Found a runed translucent gate.
 52603 | Swamp:2  | Found a runed translucent gate.
 52603 | Swamp:2  | Found a runed translucent gate.
 52610 | Swamp:2  | Noticed Brotato's ghost (adept SpBr)
 54310 | Swamp:3  | Mangled by a goliath frog

Illustrated notes

Levels and vault maps discovered:
D:1:      roderic_crop_circles_arrival_small, layout_rooms,
          shapermc_ecumenical_altar_gd, serial_shops, nicolae_shop_trees,
          minmay_hedge_maze, lemuel_another_geyser
D:2:      layout_basic, chequers_decorated_corner, uniq_crazy_yiuf_cottage
D:3:      layout_rooms, gammafunk_ghost_necromancy
D:4:      layout_layer_cave, minmay_temple_entry_hall, minmay_manual_mess,
          uniq_eustachio, uniq_grinder
D:5:      layout_cave_pools, jmf_multi_god_temple,
          hellmonk_ghost_happy_afterlife, serial_bayou_ford_a,
          lemuel_flamethrower_2
D:6:      layout_basic, uniq_blork_the_orc
D:7:      layout_loops_corners
D:8:      layout_basic, mainiacjoe_overflow_surrounded_room, special_room
          [special_room_orc], chequers_ossuary_entry_cave
D:9:      layout_roguey, mainiacjoe_overflow_big_doors, serial_aquarium,
          aquarium_bridge_straight [aquarium_subvault_bridge,
          aquarium_subvault_balcony, aquarium_subvault_bridge,
          aquarium_subvault_wall], aquarium_window_3, aquarium_window_corner,
          aquarium_window_1, aquarium_view_2c, kennysheep_crisscross,
          st_stairs_8, hangedman_ranch
D:10:     dragon1_lemuel, layout_rooms, david_lair_generic
D:11:     layout_basic, mrwooster_statue_mirror, uniq_grum, uniq_psyche
D:12:     layout_roguey [special_room_orc], minmay_orc_entry_guard_dogs,
          special_room [special_room_orc], kennysheep_nondescript
D:13:     layout_cave_pools, gauntlet_entry_generic, nrook_pool_corridor
D:14:     layout_loops_ring, erik_vaults_2, cheibrodos_ashenzari_chains,
          kennysheep_pointless_box, uniq_lodul
D:15:     gammafunk_enter_depths_forms, layout_rooms, minivault_16
Temple:   minmay_crystal_spiral_temple
Lair:1:   layout_big_grid
Lair:2:   layout_hall_layers, beast_lair_carwin_11
Lair:3:   layout_layer_cave, nicolae_swamp_entry_splash_gauntlet,
          nicolae_spider_entry_non_spiders, beast_lair_carwin_7,
          grunt_megastairs_3
Lair:4:   layout_concentric_octagons, enter_volcano_4,
          nicolae_lair_run_with_the_wolves, serial_bayou_shore_b
Lair:5:   layout_cave_shapes, ebering_ghost_funeral_grove, st_stairs_6,
          grunt_megastairs_5
Lair:6:   minmay_lair_end_frog_pond, layout_long_grid, slime_entry_1,
          serial_bayou_shore_b
Swamp:1:  layout_basic_swamp, evilmike_swamp_ruin_house_1
Swamp:2:  layout_falls_marsh, ebering_ghost_rock_garden,
          nicolae_swamp_decorative_isthmus, infiniplex_staircase_pool_2
Swamp:3:  layout_basic_swamp, nicolae_swamp_bean_lake
Spider:1: layout_cave_pods, gammafunk_ghost_tricky_traps,
          nicolae_spider_checkerboard
Spider:2: layout_cave_pods
Spider:3: layout_spider_delve, nicolae_spider_nooks_and_crannies, uniq_mara
Spider:4: hellmonk_spider_rune_bug_friends
Orc:1:    layout_diamond_mine, serial_shops, nicolae_shop_hallway_stairs
Orc:2:    grunt_orc_community_town_hall, layout_caves,
          grunt_orc_community_big_house_1, grunt_orc_community_big_house_1,
          grunt_orc_community_house_1, grunt_orc_community_house_1,
          grunt_orc_community_house_1, grunt_orc_community_house_2,
          grunt_orc_community_house_1, grunt_orc_community_house_1, mines2_david

Skill      XL: |  1  2  3  4  5  6  7  8  9 10 11 12 13 14 15 16 17 |
---------------+----------------------------------------------------+-----
Stealth        | 2 3 5 6 9 10 | 10.0
Dodging        | 2 5 10 | 10.0
Ice Magic      | 4 5 6 8 |  8.0
Spellcasting   | 3 4 5 6 7 8 |  8.5
Fighting       | 3 5 9 10 | 10.0
Short Blades   | 3 5 9 10 12 14 | 14.0
Maces & Flails | 1 4 |  4.0
Conjurations   | 5 9 10 | 10.0
Translocations | 5 |  5.0
Evocations     | 5 |  5.0
Necromancy     | 3 8 9 |  9.8
Hexes          | 5 |  5.0
Long Blades    | 8 11 | 11.0
Shields        | 4 |  4.0

Action                   |  1- 3 |  4- 6 |  7- 9 | 10-12 | 13-15 | 16-18 || total
-------------------------+-------+-------+-------+-------+-------+-------++-------
Melee: Unarmed           |     6 |       |       |       |       |       ||     6
       Dagger            |    11 |     4 |       |       |       |       ||    15
       Kick              |     5 |    31 |    91 |   239 |   945 |   692 ||  2003
       Short sword       |       |    92 |   246 |   601 |    62 |    14 ||  1015
       Punch             |       |     2 |     1 |    12 |    25 |    14 ||    54
       Quick blade       |       |       |       |       |  1911 |   799 ||  2710
       Demon blade       |       |       |       |       |       |   514 ||   514
Throw: Dart              |       |     1 |       |     1 |       |     4 ||     6
       Throwing net      |       |       |       |       |     1 |       ||     1
 Cast: Freeze            |    61 |    39 |    29 |       |       |     1 ||   130
       Frozen Ramparts   |       |     1 |    13 |    30 |    62 |    20 ||   126
       Ozocubu's Armour  |       |       |     2 |     2 |     8 |     9 ||    21
       Hailstorm         |       |       |       |       |    73 |    24 ||    97
       Foxfire           |       |       |       |       |    32 |    36 ||    68
       Blink             |       |       |       |       |     6 |     2 ||     8
       Anguish           |       |       |       |       |       |     6 ||     6
       Dispel Undead     |       |       |       |       |       |     3 ||     3
Invok: Call Merchant     |       |       |       |     1 |     3 |       ||     4
       Potion Petition   |       |       |       |       |     3 |     4 ||     7
Evoke: Wand              |       |       |       |     2 |    24 |    11 ||    37
       Phantom mirror    |       |       |       |     1 |     1 |     1 ||     3
       Piece from Xom's  |       |       |       |       |     5 |     1 ||     6
  Use: Scroll            |       |    14 |     6 |    11 |    10 |     5 ||    46
       Potion            |       |     4 |     4 |     1 |       |     5 ||    14
 Stab: Sleeping          |     2 |     8 |    15 |    25 |    32 |    19 ||   101
       Distracted        |       |       |     1 |    13 |    25 |    11 ||    50
       Confused          |       |       |       |       |     1 |       ||     1
       Petrifying        |       |       |       |       |     1 |       ||     1
       Held in net/web   |       |       |       |       |     2 |       ||     2
Armor: Robe              |     5 |    37 |    65 |    88 |   184 |   239 ||   618
Dodge: Dodged            |    21 |    93 |   136 |   335 |   672 |   590 ||  1847
Block: Other             |       |       |       |       |   128 |    78 ||   206
       Reflection        |       |       |       |       |     8 |       ||     8
       Buckler           |       |       |       |       |       |   168 ||   168

Table legend: (Time is in decaauts)
 A = Elapsed time spent in this place.
 B = Non-inter-level travel time spent in this place.
 C = Inter-level travel time spent in this place.
 D = Time resting spent in this place.
 E = Time spent auto-exploring this place.
 F = Levels seen in this place.
 G = Mean time per level.
                   A        B        C        D        E       F      G
               +--------+--------+--------+--------+--------+-----+--------+
         Total |  52169 |  48363 |   3806 |  20962 |  13921 |  33 | 1580.9 |
       Dungeon |  24598 |  22749 |   1849 |   9315 |   7423 |  15 | 1639.9 |
        Temple |     29 |     17 |     12 |      0 |      7 |   1 |   29.0 |
          Lair |   9651 |   8637 |   1014 |   2990 |   3564 |   6 | 1608.5 |
         Swamp |   2523 |   2462 |     61 |    980 |    594 |   3 |  841.0 |
   Spider Nest |  12528 |  11850 |    678 |   7274 |   1298 |   4 | 3132.0 |
  Orcish Mines |   2082 |   1891 |    191 |    217 |    934 |   2 | 1041.0 |
       Ossuary |    344 |    344 |      0 |      0 |     80 |   1 |  344.0 |
       Volcano |    409 |    409 |      0 |    186 |     21 |   1 |  409.0 |
               +--------+--------+--------+--------+--------+-----+--------+

Top non-repeatable levels by time:
Spider:3: 4291 daAuts
     D:5: 3397 daAuts
Spider:1: 3144 daAuts
Spider:2: 3024 daAuts
  Lair:3: 2574 daAuts
     D:4: 2154 daAuts
Spider:4: 2068 daAuts
     D:9: 1922 daAuts
     D:1: 1856 daAuts
    D:12: 1830 daAuts
    D:14: 1766 daAuts
     D:8: 1673 daAuts
     D:2: 1590 daAuts
  Lair:6: 1526 daAuts
  Lair:1: 1522 daAuts
